 Dungeon Crawl Stone Soup version 0.31.0-12-g77e489cdc1 (webtiles) character file.

Game seed: 13217465602120136308

683 DildoBatman the Digger (level 7, -1/52 HPs)
             Began as a Formicid Conjurer on Mar 5, 2024.
             Was an Initiate of Kikubaaqudgha.
             Slain by a gnoll sergeant
             ... wielding a +3 spear of venom
              (13 damage)
             ... on level 6 of the Dungeon.
             The game lasted 00:14:56 (4654 turns).

DildoBatman the Digger (Formicid Conjurer)          Turns: 4654, Time: 00:14:57

Health: -1/52      AC:  3    Str: 11    XL:     7   Next: 93%
Magic:  4/13       EV: 13    Int: 20    God:    Kikubaaqudgha [......]
Gold:   379        SH:  0    Dex: 18    Spells: 1/14 levels left

rFire   . . .        a - +2 mace (venom)
rCold   . . .        (no shield)
rNeg    . . .        b - +0 robe
rPois   .            (helmet unavailable)
rElec   .            E - +0 cloak
rCorr   .            (no gloves)
SInv    +            (no boots)
Will    .....        (no amulet)
Stlth   +++          H - +6 ring of dexterity
HPRegen 0.28/turn    (no ring)
MPRegen 0.13/turn

%: no passive effects
@: lethally poisoned (-1 -> -14)
A: permanent stasis, dig shafts and tunnels, antennae 3, four strong arms
a: Dig, Shaft Self, Renounce Religion


You were on level 6 of the Dungeon.
You worshipped Kikubaaqudgha.
Kikubaaqudgha was noncommittal.
You visited 2 branches of the dungeon, and saw 7 of its levels.

You collected 379 gold pieces.

Inventory:

Hand Weapons
 a - a +2 mace of venom (weapon)
 c - a +0 sling
 F - a +2 heavy quarterstaff
Missiles
 d - 63 stones
 u - 14 poisoned darts
Armour
 b - a +0 robe (worn)
 q - a +1 scale mail of poison resistance
 E - a +0 cloak (worn)
Magical Staves
 B - a staff of air
Jewellery
 H - a +6 ring of dexterity (left hand)
Wands
 w - a wand of charming (4)
 x - a wand of iceblast (6)
 D - a wand of light (7)
Scrolls
 e - a scroll of teleportation {unknown}
 i - a scroll of enchant armour {unknown}
 j - a scroll of blinking {unknown}
 k - 5 scrolls of identify {unknown}
 l - 3 scrolls of noise {unknown}
 m - a scroll of brand weapon {unknown}
 n - a scroll of silence {unknown}
 o - 2 scrolls of immolation {unknown}
 v - a scroll of torment {unknown}
 y - a scroll of vulnerability {unknown}
 C - a scroll of summoning {unknown}
 G - a scroll of amnesia {unknown}
Potions
 f - a potion of lignification {unknown}
 g - 3 potions of curing
 h - 2 potions of brilliance {unknown}
 p - a potion of ambrosia {unknown}
 r - 3 potions of magic
 s - a potion of enlightenment {unknown}
 t - a potion of might {unknown}
 z - 2 potions of invisibility {unknown}
 A - a potion of resistance {unknown}


   Skills:
 + Level 3.2 Fighting
 + Level 3.2 Armour
 - Level 3.0 Dodging
 - Level 4.0 Stealth
 + Level 4.0 Spellcasting
 - Level 4.0 Conjurations
 * Level 4.3 Earth Magic


You had one spell level left.
You knew the following spells:

 Your Spells              Type           Power      Damage    Failure   Level
a - Searing Ray           Conj           40%        2d5       3%          2
b - Sandblast             Erth           42%        2d11      2%          1
c - Magic Dart            Conj           80%        1d7       2%          1
d - Stone Arrow           Conj/Erth      40%        3d9       7%          3
e - Ozocubu's Armour      Ice            4%         N/A       36%         3
f - Vampiric Draining     Necr           4%         2d6       36%         3

Your spell library contained the following spells:

 Spells                   Type           Power      Damage    Failure   Level
 Necrotise                Necr           16%        1d4       13%         1
 Passwall                 Erth           21%        N/A       7%          3
 Brom's Barrelling Bould  Conj/Erth      20%        2d4       22%         4
 Fugue of the Fallen      Necr           4%         N/A       36%         3
 Fulminant Prism          Conj/Alch      6%         3d7       50%         4
 Iskenderun's Mystic Bla  Conj/Tloc      12%        2d5       50%         4
 Manifold Assault         Tloc           4%         N/A       77%         4
 Martyr's Knell           Necr/Summ      4%         N/A       77%         4
 Curse of Agony           Necr           4%         N/A       98%         5


Dungeon Overview and Level Annotations

Branches:
Dungeon (6/15)             Temple (1/1) D:4

Altars:
Ashenzari
Cheibriados
Dithmenos
Fedhas
Kikubaaqudgha
Makhleb
Nemelex Xobeh
Okawaru
Trog
Wu Jian
Xom
Yredelemnul
The Shining One

Annotations:
D:5 exclusions: gnoll sergeant and wraith


Innate Abilities, Weirdness & Mutations

You cannot be hasted, slowed, berserked, paralysed or teleported.
You can dig through walls and to a lower floor.
You have a pair of large antennae on your head. (SInv)
Your four strong arms can wield two-handed weapons with a shield.


Message History

You feel sick.
You feel sick.
The gnoll sergeant attacks as it pursues you!
The gnoll sergeant hits you from afar with a +3 spear of venom!
You are more poisoned.
It was a potion of curing.
You feel better.
The gnoll sergeant hits you from afar with a +3 spear of venom.
You are poisoned.
Casting: Searing Ray (safe; 3% risk of failure)
Confirm with . or Enter, or press ? or * to list all spells.
Aiming: Sandblast (safe; 2% risk of failure)
Press: ? - help, Shift-Dir - straight line, f - gnoll sergeant
Aim: a gnoll sergeant, wielding a +3 spear of venom and wearing a +0 ring mail (lightly wounded, 87% to hit)
The blast of sand hits the gnoll sergeant.
The gnoll sergeant is moderately wounded.
You feel very sick.
The gnoll sergeant completely misses you.
Casting: Sandblast (safe; 2% risk of failure)
Confirm with . or Enter, or press ? or * to list all spells.
Aiming: Sandblast (safe; 2% risk of failure)
Press: ? - help, Shift-Dir - straight line, f/p - gnoll sergeant
Aim: a gnoll sergeant, wielding a +3 spear of venom and wearing a +0 ring mail (moderately wounded, 87% to hit)
The blast of sand hits the gnoll sergeant but does no damage.
The gnoll sergeant is moderately wounded.
You feel sick.
The gnoll sergeant hits you from afar with a +3 spear of venom.
You are more poisoned.
The gnoll sergeant hits you from afar with a +3 spear of venom.
Casting: Sandblast (safe; 2% risk of failure)
Confirm with . or Enter, or press ? or * to list all spells.
Aiming: Magic Dart (safe; 2% risk of failure)
Press: ? - help, Shift-Dir - straight line, f/p - gnoll sergeant
Aim: a gnoll sergeant, wielding a +3 spear of venom and wearing a +0 ring mail (moderately wounded, 100% to hit)
The magic dart hits the gnoll sergeant.
The gnoll sergeant is heavily wounded.
You feel very sick.
The gnoll sergeant hits you from afar with a +3 spear of venom!
You die...
Kikubaaqudgha rasps: "You have failed me!
Welcome... death!"

##########
#..g...(.#
#@######.#
#.# #.# ..
#.# #)# .g
######.# #)#
#. #....#.#
#.# ,.,
#.##.#.# #.#
{# #.#.<#.#
#.# #{#
#.#..#.#
#.###..#
#.#..#.#
####.....####


You could see a gnoll sergeant.

Vanquished Creatures
  An ogre (D:5)
  A howler monkey (D:6)
  4 hounds
  A bombardier beetle (D:3)
  A jelly (D:4)
  An orc priest (D:4)
  Ijyb (D:3)
  4 orc wizards
  7 gnolls
  3 adders (D:2)
  A dart slug (D:2)
  3 ribbon worms (D:2)
  12 orcs
  6 bats
  10 endoplasms
  8 giant cockroaches
  11 hobgoblins
  5 jackals
  10 kobolds
  6 quokkas
  2 ball pythons
  3 frilled lizards
  12 goblins
  7 rats
120 creatures vanquished.

Notes
Turn   | Place    | Note
-------+----------+-------------------------------------------
     0 | D:1      | DildoBatman the Formicid Conjurer began the quest for the
                  | Orb.
     0 | D:1      | Reached XP level 1. HP: 13/13 MP: 3/3
   213 | D:1      | Reached XP level 2. HP: 19/19 MP: 0/5
   216 | D:1      | Learned a level 2 spell: Searing Ray
   559 | D:1      | Reached XP level 3. HP: 24/24 MP: 3/6
   714 | D:1      | Reached skill level 1 in Fighting
   715 | D:1      | Reached skill level 1 in Armour
  1092 | D:2      | Reached XP level 4. HP: 32/32 MP: 1/7
  1543 | D:2      | Found a broken altar of Ashenzari.
  1688 | D:3      | Noticed Ijyb
  1771 | D:3      | Reached XP level 5. HP: 37/37 MP: 4/9
  1800 | D:3      | Learned a level 1 spell: Sandblast
  1807 | D:3      | Found a snail-covered altar of Cheibriados.
  1846 | D:3      | Found a faded altar of an unknown god.
  2141 | D:3      | Reached skill level 1 in Earth Magic
  2828 | D:4      | Found a broken altar of Ashenzari.
  2854 | D:4      | Reached XP level 6. HP: 43/44 MP: 10/10
  3082 | D:4      | Learned a level 3 spell: Ozocubu's Armour
  3086 | D:4      | Learned a level 3 spell: Stone Arrow
  3097 | D:4      | Found a staircase to the Ecumenical Temple.
  3107 | Temple   | Entered the Ecumenical Temple
  3124 | Temple   | Became a worshipper of Kikubaaqudgha
  3373 | D:3      | Killed Ijyb
  3384 | D:3      | HP: 2/45 [poisoned by Ijyb]
  3722 | D:5      | Entered Level 5 of the Dungeon
  3823 | D:5      | Reached XP level 7. HP: 38/51 MP: 4/12
  4063 | D:5      | Learned a level 3 spell: Vampiric Draining
  4352 | D:5      | Noticed a wraith
  4654 | D:6      | Slain by a gnoll sergeant

Illustrated notes

Levels and vault maps discovered:
D:1:      lightli_arrival_lavapool, layout_basic, minmay_misc_feat_square,
          serial_bayou_pond_e, due_unseen_surprise
D:2:      layout_loops_ring, basic_altar, minmay_guardbox
D:3:      layout_basic, mainiacjoe_overflow_small_starburst,
          dreamdust_ecumenical_altar_angels_and_demons, minmay_parallelograms,
          corexii_hall_statues_x, uniq_ijyb
D:4:      layout_basic, mainiacjoe_overflow_concentric_impassable,
          minmay_temple_entry_purple_smoke
D:5:      layout_loops_ring
D:6:      layout_basic
Temple:   nicolae_temple_ecumenical_triangle

Skill      XL: |  1  2  3  4  5  6  7 |
---------------+----------------------+-----
Dodging        | 2 3 |  3.0
Fighting       | 1 2 3 |  3.2
Armour         | 1 2 3 |  3.2
Stealth        | 3 4 |  4.0
Conjurations   | 4 |  4.0
Earth Magic    | 1 2 4 |  4.3
Spellcasting   | 3 4 |  4.0

Action                     |  1- 3 |  4- 6 |  7- 9 || total
---------------------------+-------+-------+-------++-------
  Melee: Unarmed           |     7 |       |       ||     7
         Short sword       |    44 |     5 |       ||    49
         Mace              |       |    28 |       ||    28
   Fire: Sling             |       |    66 |       ||    66
   Cast: Magic Dart        |    45 |    34 |     4 ||    83
         Searing Ray       |     6 |    15 |     6 ||    27
         Sandblast         |       |       |    29 ||    29
Ability: Dig               |     1 |       |       ||     1
  Evoke: Wand              |       |       |     1 ||     1
    Use: Potion            |       |       |     1 ||     1
   Stab: Sleeping          |       |     3 |       ||     3
 Armour: Robe              |    27 |    52 |    27 ||   106
  Dodge: Dodged            |    43 |    60 |    14 ||   117
